SKY
ARIZONA DIAMONDBACKS @ MINNESOTA TWINS
07/22/2052
 
TOP OF THE 1ST
Arizona Diamondbacks batting - Pitching for Minnesota Twins : RHP Bertram Rosenberger
Pitching: RHP Bertram Rosenberger
Batting: RHB Gaius Raton 0-0: Ball
1-0: Ball
2-0: Called Strike
2-1: SINGLE (Line Drive, 7S, EV 90.0 MPH)
Batting: LHB Glenn Pichardo 0-0: Called Strike
0-1: Swinging Strike
0-2: Ball
1-2: Strikes out looking
Batting: LHB Peter Conrad 0-0: Called Strike
Gaius Raton steals 2nd base
0-1: Ball
1-1: SINGLE (Line Drive, 7S, EV 104.4 MPH)
Gaius Raton to third
Batting: LHB P.T. Bailey 0-0: Fly out, F7 (Flyball, 7, EV 98.8 MPH)
Runner from 3rd tags up, SCORES, no throw by LF
Batting: RHB Duncan Hancock 0-0: Ball
1-0: Ball
Peter Conrad is caught stealing 2nd base 2-4
Top of the 1st over - 1 run, 2 hits, 0 errors, 0 left on base; Arizona 1 - Minnesota 0
BOTTOM OF THE 1ST
Minnesota Twins batting - Pitching for Arizona Diamondbacks : RHP Corbin Snyder
Pitching: RHP Corbin Snyder
Batting: RHB Samuel Everhart 0-0: Ball
1-0: Ball
2-0: Called Strike
2-1: Called Strike
2-2: Strikes out swinging
Batting: LHB Archer Charles 0-0: Called Strike
0-1: Swinging Strike
0-2: Foul Ball, location: 3F
0-2: Ball
1-2: Foul Ball, location: 2F
1-2: SINGLE (Groundball, 25, EV 75.0 MPH) (infield hit)
Batting: RHB Raul Cathey 0-0: Ball
1-0: SINGLE (Groundball, 4S, EV 70.0 MPH) (infield hit)
Archer Charles to second
Batting: RHB Zachary Dahdal 0-0: Fly out, F8 (Flyball, 8RM, EV 99.4 MPH)
Batting: LHB Rusty Holmes 0-0: Called Strike
0-1: Called Strike
0-2: Foul Ball, location: 5FF
0-2: Ball
1-2: Ball
2-2: SINGLE (Line Drive, 56, EV 108.1 MPH)
Archer Charles to third
Raul Cathey to second
Runner from 3rd tries for Home, SAFE, throw by LF to home
Batting: LHB Stanfield Reaves 0-0: Called Strike
0-1: Ground out U3 (Groundball, 3L, EV 80.0 MPH)
Bottom of the 1st over - 1 run, 3 hits, 0 errors, 2 left on base; Arizona 1 - Minnesota 1
TOP OF THE 2ND
Arizona Diamondbacks batting - Pitching for Minnesota Twins : RHP Bertram Rosenberger
Batting: RHB Duncan Hancock 0-0: Ball
1-0: Called Strike
1-1: Swinging Strike
1-2: Foul Ball, location: 25F
1-2: Ball
2-2: Foul Ball, location: 3DF
2-2: Ball
3-2: Strikes out swinging
Batting: LHB Wil Solís 0-0: Hit by Pitch
Batting: RHB Josef Horne 0-0: Ball
Passed Ball!
Wil Solís to second
1-0: Ground out 1-3 (Groundball, 13, EV 70.0 MPH)
Batting: RHB Tadd Bateman 0-0: Ball
1-0: Ball
2-0: Swinging Strike
2-1: Foul Ball, location: 23F
2-2: Foul Ball, location: 9LSF
2-2: Ball
3-2: Strikes out swinging
Top of the 2nd over - 0 runs, 0 hits, 0 errors, 1 left on base; Arizona 1 - Minnesota 1
BOTTOM OF THE 2ND
Minnesota Twins batting - Pitching for Arizona Diamondbacks : RHP Corbin Snyder
Batting: LHB Dan Crain 0-0: Ground out 5-3 (Groundball, 56S, EV 85.6 MPH)
Batting: LHB Jake Sacco 0-0: Called Strike
0-1: Foul Ball, location: 5F
0-2: Fly out, F9 (Flyball, 9D, EV 77.5 MPH)
Batting: RHB Isiah Crudup 0-0: Ground out 6-3 (Groundball, 6, EV 88.8 MPH)
Bottom of the 2nd over - 0 runs, 0 hits, 0 errors, 0 left on base; Arizona 1 - Minnesota 1
TOP OF THE 3RD
Arizona Diamondbacks batting - Pitching for Minnesota Twins : RHP Bertram Rosenberger
Batting: RHB Jodie Molen 0-0: Ball
1-0: Ball
2-0: Ball
3-0: Fly out, F7 (Flyball, 78M, EV 95.0 MPH)
Batting: RHB Gaius Raton 0-0: Called Strike
0-1: Fly out, F8 (Flyball, 78S, EV 78.1 MPH)
Batting: LHB Glenn Pichardo 0-0: Ball
1-0: Ball
2-0: Called Strike
2-1: Called Strike
2-2: Strikes out looking
Top of the 3rd over - 0 runs, 0 hits, 0 errors, 0 left on base; Arizona 1 - Minnesota 1
BOTTOM OF THE 3RD
Minnesota Twins batting - Pitching for Arizona Diamondbacks : RHP Corbin Snyder
Batting: RHB Samuel Everhart 0-0: Ball
1-0: Called Strike
1-1: Ball
2-1: Called Strike
2-2: Ball
3-2: Base on Balls
Batting: LHB Archer Charles 0-0: Sac Bunt to 13 - play at first, batter OUT! 1-3
Samuel Everhart to second
Batting: RHB Raul Cathey 0-0: Ball
1-0: Ball
2-0: Ball
3-0: Base on Balls
Batting: RHB Zachary Dahdal 0-0: Ball
1-0: Fly out, F9 (Flyball, 89D, EV 99.4 MPH)
Batting: LHB Rusty Holmes 0-0: Ground out 4-3 (Groundball, 4, EV 86.9 MPH)
Bottom of the 3rd over - 0 runs, 0 hits, 0 errors, 2 left on base; Arizona 1 - Minnesota 1
TOP OF THE 4TH
Arizona Diamondbacks batting - Pitching for Minnesota Twins : RHP Bertram Rosenberger
Batting: LHB Peter Conrad 0-0: Called Strike
0-1: Foul Ball, location: 3DF
0-2: Foul Ball, location: 2F
0-2: Ball
1-2: Fly out, F7 (Flyball, 7D, EV 105.6 MPH)
Batting: LHB P.T. Bailey 0-0: Called Strike
0-1: Ball
1-1: Ball
2-1: Foul Ball, location: 23F
2-2: Ball
3-2: Ground out 6-3 (Groundball, 4, EV 86.9 MPH)
Batting: RHB Duncan Hancock 0-0: Foul Ball, location: 5F
0-1: Ball
1-1: Ball
2-1: Ball
3-1: Base on Balls
Batting: LHB Wil Solís 0-0: Called Strike
0-1: Ball
1-1: Foul Ball, location: 2F
1-2: Strikes out swinging
Top of the 4th over - 0 runs, 0 hits, 0 errors, 1 left on base; Arizona 1 - Minnesota 1
BOTTOM OF THE 4TH
Minnesota Twins batting - Pitching for Arizona Diamondbacks : RHP Corbin Snyder
Batting: LHB Stanfield Reaves 0-0: Ball
1-0: Ball
2-0: Called Strike
2-1: Foul Ball, location: 2F
2-2: Ball
3-2: Ground out U3 (Groundball, 3L, EV 90.0 MPH)
Batting: LHB Dan Crain 0-0: Ground out 4-3 (Groundball, 4S, EV 63.8 MPH)
Batting: LHB Jake Sacco 0-0: Ball
1-0: Called Strike
1-1: Fly out, F9 (Flyball, 89M, EV 88.8 MPH)
Bottom of the 4th over - 0 runs, 0 hits, 0 errors, 0 left on base; Arizona 1 - Minnesota 1
TOP OF THE 5TH
Arizona Diamondbacks batting - Pitching for Minnesota Twins : RHP Bertram Rosenberger
Batting: RHB Josef Horne 0-0: Ball
1-0: Ball
2-0: Called Strike
2-1: Ground out 6-3 (Groundball, 6, EV 108.8 MPH)
Batting: RHB Tadd Bateman 0-0: Ball
1-0: Called Strike
1-1: Ball
2-1: Foul Ball, location: 5FF
2-2: Hit by Pitch
Batting: RHB Jodie Molen 0-0: Ball
1-0: Ball
2-0: Swinging Strike
2-1: Foul Ball, location: 9LDF
2-2: Ball
3-2: Ground out 6-3 (Groundball, 6, EV 100.6 MPH)
Tadd Bateman to second
Batting: RHB Gaius Raton 0-0: Called Strike
0-1: Foul Ball, location: 7LSF
0-2: Foul Ball, location: 9LSF
0-2: Ground out 6-3 (Groundball, 6D, EV 100.0 MPH)
Top of the 5th over - 0 runs, 0 hits, 0 errors, 1 left on base; Arizona 1 - Minnesota 1
BOTTOM OF THE 5TH
Minnesota Twins batting - Pitching for Arizona Diamondbacks : RHP Corbin Snyder
Batting: RHB Isiah Crudup 0-0: Called Strike
0-1: Ball
1-1: Foul Ball, location: 2RF
1-2: Strikes out swinging
Batting: RHB Samuel Everhart 0-0: Ball
1-0: Foul Ball, location: 2F
1-1: Swinging Strike
1-2: Ball
2-2: Ball
3-2: SINGLE (Groundball, 6MD, EV 109.4 MPH)
Batting: LHB Archer Charles 0-0: Called Strike
0-1: Foul Ball, location: 7LSF
0-2: Foul Ball, location: 3F
0-2: Ball
1-2: Ball
2-2: Ball
3-2: Foul Ball, location: 3F
3-2: Grounds out, U3 (Groundball, 3L, EV 101.9 MPH)
Batting: RHB Raul Cathey 0-0: Ball
1-0: Called Strike
1-1: Ball
2-1: Foul Ball, location: 2F
2-2: Ball
3-2: Foul Ball, location: 2RF
3-2: Base on Balls
Batting: RHB Zachary Dahdal 0-0: Ball
1-0: Foul Ball, location: 2F
1-1: Ball
2-1: Foul Ball, location: 2F
2-2: Strikes out swinging
Bottom of the 5th over - 0 runs, 1 hit, 0 errors, 2 left on base; Arizona 1 - Minnesota 1
TOP OF THE 6TH
Arizona Diamondbacks batting - Pitching for Minnesota Twins : RHP Bertram Rosenberger
Batting: LHB Glenn Pichardo 0-0: Ball
1-0: Ball
2-0: Ball
3-0: Called Strike
3-1: Called Strike
3-2: Foul Ball, location: 2F
3-2: Ground out 5-3 (Groundball, 5S, EV 81.9 MPH)
Batting: LHB Peter Conrad 0-0: Ball
1-0: Called Strike
1-1: Ball
2-1: Foul Ball, location: 2F
2-2: Foul Ball, location: 25F
2-2: Ball
3-2: SINGLE (Line Drive, 4MD, EV 103.8 MPH)
Pitching: RHP T.J. Hamilton
Batting: LHB P.T. Bailey 0-0: Ball
1-0: Called Strike
1-1: Ball
2-1: Fly out, F9 (Flyball, 9S, EV 81.3 MPH)
Batting: RHB Duncan Hancock 0-0: Called Strike
0-1: Called Strike
0-2: Ball
1-2: Foul Ball, location: 2F
1-2: Strikes out looking
Top of the 6th over - 0 runs, 1 hit, 0 errors, 1 left on base; Arizona 1 - Minnesota 1
BOTTOM OF THE 6TH
Minnesota Twins batting - Pitching for Arizona Diamondbacks : RHP Corbin Snyder
Batting: LHB Rusty Holmes 0-0: DOUBLE (Flyball, 8LD, EV 100.0 MPH) - OUT at third base trying to stretch hit.
Batting: LHB Stanfield Reaves 0-0: Swinging Strike
0-1: Foul Ball, location: 2F
0-2: Ball
1-2: Ball
2-2: Strikes out looking
Batting: LHB Dan Crain 0-0: Called Strike
0-1: Ball
1-1: Foul Ball, location: 2F
1-2: Ground out U3 (Groundball, 34S, EV 83.1 MPH)
Bottom of the 6th over - 0 runs, 1 hit, 0 errors, 0 left on base; Arizona 1 - Minnesota 1
TOP OF THE 7TH
Arizona Diamondbacks batting - Pitching for Minnesota Twins : RHP T.J. Hamilton
Batting: LHB Wil Solís 0-0: Ball
1-0: Fly out, F9 (Flyball, 89S, EV 94.4 MPH)
Pinch Hitting: LHB Oliver Paradis 0-0: Ball
1-0: Ball
2-0: Ball
3-0: Ground out 1-3 (Groundball, 15S, EV 65.6 MPH)
Batting: RHB Tadd Bateman 0-0: Ball
1-0: Ball
2-0: Called Strike
2-1: Called Strike
2-2: Strikes out swinging
Top of the 7th over - 0 runs, 0 hits, 0 errors, 0 left on base; Arizona 1 - Minnesota 1
BOTTOM OF THE 7TH
Minnesota Twins batting - Pitching for Arizona Diamondbacks : RHP Corbin Snyder
Pitching: RHP Russ Gunn
Now at 2B: Enrique Mata
Batting: LHB Jake Sacco 0-0: Called Strike
0-1: Ball
1-1: Swinging Strike
1-2: Foul Ball, location: 2F
1-2: Ball
2-2: Foul Ball, location: 5F
2-2: Ground out 4-3 (Groundball, 4, EV 83.1 MPH)
Pinch Hitting: RHB Jordi Ortiz 0-0: Ball
1-0: Swinging Strike
1-1: Ball
2-1: Ball
3-1: Foul Ball, location: 9LMF
3-2: Strikes out swinging
Batting: RHB Samuel Everhart 0-0: Ball
1-0: Foul Ball, location: 9LMF
1-1: Ball
2-1: Ball
3-1: Base on Balls
Batting: LHB Archer Charles 0-0: Ball
1-0: Foul Ball, location: 3SF
1-1: Fly out, F3 (Popup, 3, EV 69.4 MPH)
Bottom of the 7th over - 0 runs, 0 hits, 0 errors, 1 left on base; Arizona 1 - Minnesota 1
TOP OF THE 8TH
Arizona Diamondbacks batting - Pitching for Minnesota Twins : RHP T.J. Hamilton
Now at 2B: Rusty Holmes
Now at 3B: Jordi Ortiz
Now at SS: Jake Sacco
Batting: RHB Jodie Molen 0-0: Swinging Strike
0-1: Foul Ball, location: 2F
0-2: Foul Ball, location: 9LDF
0-2: Foul Ball, location: 9LDF
0-2: Ball
1-2: Foul Ball, location: 9LSF
1-2: Ball
2-2: Strikes out looking
Batting: RHB Gaius Raton 0-0: Called Strike
0-1: Swinging Strike
0-2: Ground out 6-3 (Groundball, 56, EV 90.0 MPH)
Batting: LHB Glenn Pichardo 0-0: Ball
1-0: Ball
2-0: Ball
3-0: SINGLE (Line Drive, 9LS, EV 98.1 MPH)
Batting: LHB Peter Conrad 0-0: Ball
1-0: Ball
2-0: Called Strike
2-1: Ball
3-1: SINGLE (Groundball, 4MD, EV 98.8 MPH)
Glenn Pichardo to second
Runner from 2nd tries for 3rd, SAFE, no throw by CF
Batting: LHB P.T. Bailey 0-0: Ball
1-0: Foul Ball, location: 2F
1-1: Ball
2-1: Swinging Strike
2-2: Ball
Wild Pitch!
Glenn Pichardo scores
Peter Conrad to second
3-2: Base on Balls
Batting: RHB Duncan Hancock 0-0: Ball
1-0: Fielders Choice at 2nd, 6-4 (Groundball, 6, EV 91.3 MPH)
Top of the 8th over - 1 run, 2 hits, 0 errors, 2 left on base; Arizona 2 - Minnesota 1
BOTTOM OF THE 8TH
Minnesota Twins batting - Pitching for Arizona Diamondbacks : RHP Russ Gunn
Batting: RHB Raul Cathey 0-0: SINGLE (Line Drive, 89M, EV 105.6 MPH)
Batting: RHB Zachary Dahdal 0-0: Ball
1-0: Foul Ball, location: 2F
1-1: Grounds into double play, 6-4-3 (Groundball, 56, EV 80.6 MPH)
Batting: LHB Rusty Holmes 0-0: DOUBLE (Flyball, 9D, EV 104.4 MPH)
Batting: LHB Stanfield Reaves 0-0: Foul Ball, location: 7LDF
0-1: Ball
1-1: Called Strike
1-2: Foul Ball, location: 2F
1-2: Ball
2-2: Ground out 1-3 (Groundball, 13S, EV 66.3 MPH)
Bottom of the 8th over - 0 runs, 2 hits, 0 errors, 1 left on base; Arizona 2 - Minnesota 1
TOP OF THE 9TH
Arizona Diamondbacks batting - Pitching for Minnesota Twins : RHP T.J. Hamilton
Pitching: LHP Aaron Murray
Batting: LHB Wil Solís 0-0: Swinging Strike
0-1: Ball
1-1: Ball
2-1: Swinging Strike
2-2: Strikes out swinging
Batting: SHB Enrique Mata 0-0: Ball
1-0: Called Strike
1-1: Ground out 6-3 (Groundball, 6, EV 90.0 MPH)
Batting: RHB Tadd Bateman 0-0: SINGLE (Groundball, 34D, EV 103.1 MPH)
Batting: RHB Jodie Molen 0-0: Called Strike
0-1: SINGLE (Groundball, 4D, EV 96.3 MPH)
Tadd Bateman to second
Runner from 2nd tries for 3rd, SAFE, no throw by CF
Batting: RHB Gaius Raton 0-0: Swinging Strike
0-1: Ball
1-1: Called Strike
1-2: Strikes out swinging
Top of the 9th over - 0 runs, 2 hits, 0 errors, 2 left on base; Arizona 2 - Minnesota 1
BOTTOM OF THE 9TH
Minnesota Twins batting - Pitching for Arizona Diamondbacks : RHP Russ Gunn
Pitching: RHP Dagny Goldbaum
Batting: LHB Dan Crain 0-0: Swinging Strike
0-1: Called Strike
0-2: Ground out 3-1 (Groundball, 34, EV 100.0 MPH)
Batting: LHB Jake Sacco 0-0: Called Strike
0-1: Ball
1-1: Ball
2-1: Ball
3-1: DOUBLE (Line Drive, 9LD, EV 106.3 MPH)
Batting: RHB Jordi Ortiz 0-0: Swinging Strike
0-1: Ball
1-1: Ball
2-1: Ground out 6-3 (Groundball, 6, EV 88.1 MPH)
Jake Sacco to third
Batting: RHB Samuel Everhart 0-0: Ground out 1-3 (Groundball, 13S, EV 71.3 MPH)
Bottom of the 9th over - 0 runs, 1 hit, 0 errors, 1 left on base; Arizona 2 - Minnesota 1
Tuesday, April 30th , 2024 - OOTP Baseball 24.11 Build 85